 Dungeon Crawl Stone Soup version 0.24.0-123-gd5b16e6ec5 (webtiles) character file.

Game seed: 13580862532906630509, levelgen mode: deterministic

751 Elellon the Cleaver (level 7, -1/57 HPs)
             Began as a Hill Orc Fighter on Jan 22, 2020.
             Slain by Pikel
             ... wielding a +2 whip of freezing
              (2 damage)
             ... on level 4 of the Dungeon.
             The game lasted 00:05:51 (3994 turns).

Elellon the Cleaver (Hill Orc Fighter)              Turns: 3994, Time: 00:05:51

Health: -1/57      AC:  7    Str: 21    XL:     7   Next: 78%
Magic:  7/7        EV:  7    Int:  8    God:
Gold:   230        SH: 10    Dex: 10    Spells: 6/6 levels left

rFire    . . .     SeeInvis .   a - +0 war axe
rCold    . . .     Gourm    .   c - +1 shield
rNeg     . . .     Faith    .   b - +0 scale mail
rPois    .         Spirit   .   g - +1 hat
rElec    .         Reflect  .   (no cloak)
rCorr    .         Harm     .   (no gloves)
MR       .....                  (no boots)
Stlth    ..........             (no amulet)
HPRegen  0.19/turn              (no ring)
MPRegen  0.10/turn              (no ring)

@: no status effects
A: no striking features
a: no special abilities


You were on level 4 of the Dungeon.
You were very hungry.

You visited 1 branch of the dungeon, and saw 5 of its levels.

You collected 230 gold pieces.

Inventory:

Hand Weapons
 a - a +0 war axe (weapon)
Armour
 b - a +0 scale mail (worn)
 c - a +1 shield (worn)
 g - a +1 hat (worn)
Jewellery
 s - an uncursed amulet of faith {unknown}
Wands
 h - a wand of polymorph (7)
Scrolls
 l - 4 scrolls of identify
 m - a scroll of magic mapping
 n - 2 scrolls of amnesia
 o - 2 scrolls of teleportation
 p - a scroll of remove curse
 r - a scroll of blinking {unknown}
Potions
 d - a potion of might
 e - 2 potions of curing {unknown}
 i - a potion of lignification
 j - 3 potions of heal wounds {unknown}
 q - 4 potions of invisibility
 t - a potion of agility {unknown}
Comestibles
 f - 12 rations


   Skills:
 - Level 3.6 Fighting
 + Level 11.1 Axes
 - Level 3.2 Armour
 - Level 3.2 Shields


You had 6 spell levels left.
You didn't know any spells.
Your spell library was empty.

Dungeon Overview and Level Annotations

Branches:
Dungeon (5/15)
 Temple: D:4-7

Altars:
Dithmenos
Kikubaaqudgha
Nemelex Xobeh
Zin

Annotations:
D:4 Pikel


Message History

Pikel hits you with a +2 whip of freezing.
* * * LOW HITPOINT WARNING * * *
Pikel freezes you.
* * * LOW HITPOINT WARNING * * *
You hit Pikel but do no damage.
Pikel is heavily wounded.
Pikel hits you but does no damage.
You slash Pikel!
Pikel is severely wounded.
Pikel hits you with a +2 whip of freezing.
* * * LOW HITPOINT WARNING * * *
Pikel freezes you.
* * * LOW HITPOINT WARNING * * *
Sorry, you're not good enough to have a special ability.
You hit Pikel but do no damage.
Pikel is severely wounded.
Pikel hits you with a +2 whip of freezing.
* * * LOW HITPOINT WARNING * * *
Pikel freezes you.
You die...

##.......## #..........
#....)....# #...(......
#).....>..# #......#...
#.........# ####..........
#.........###.........#...
#........)....##...<..#...
##.......#######......####
#.........# ########
#........@# #.......K.#
#.........# #.........#
##.......## ##.....##
#######


You could see Pikel.

Vanquished Creatures
  A slave (D:5)
  An ogre (D:4)
  2 howler monkeys (D:4)
  A crimson imp (D:5)
  3 orc priests
  2 orc wizards (D:3)
  Jessica (D:2)
  2 iguanas (D:4)
  Natasha (thrice) (D:3)
  A worker ant (D:3)
  2 adders (D:3)
  8 gnolls
  An ooze (D:3)
  4 worms
  2 dart slugs (D:3)
  2 leopard geckos
  22 orcs
  3 ball pythons
  10 bats
  3 giant cockroaches
  13 hobgoblins
  7 jackals
  7 kobolds
  3 quokkas
  5 frilled lizards
  3 goblins
  10 rats
122 creatures vanquished.

Notes
Turn   | Place    | Note
-------+----------+-------------------------------------------
     0 | D:1      | Elellon the Hill Orc Fighter began the quest for the Orb.
     0 | D:1      | Reached XP level 1. HP: 19/19 MP: 1/1
    70 | D:1      | Reached skill level 3 in Axes
   128 | D:1      | Reached XP level 2. HP: 14/26 MP: 2/2
   342 | D:1      | Reached skill level 4 in Axes
   586 | D:1      | Reached XP level 3. HP: 31/31 MP: 3/3
   932 | D:2      | Reached skill level 5 in Axes
  1019 | D:2      | Noticed Jessica
  1022 | D:2      | Killed Jessica
  1022 | D:2      | Reached XP level 4. HP: 31/39 MP: 4/4
  1105 | D:2      | Reached skill level 6 in Axes
  1141 | D:2      | Found an ancient bone altar of Kikubaaqudgha.
  1339 | D:2      | Found a sparkling altar of Nemelex Xobeh.
  1647 | D:3      | Reached XP level 5. HP: 44/45 MP: 5/5
  1763 | D:3      | Reached skill level 7 in Axes
  2057 | D:3      | Noticed Natasha
  2067 | D:3      | Killed Natasha
  2224 | D:3      | Reached skill level 8 in Axes
  2224 | D:3      | Reached XP level 6. HP: 28/51 MP: 6/6
  2628 | D:3      | Noticed Natasha
  2639 | D:3      | Killed Natasha
  2774 | D:3      | Noticed Natasha
  2780 | D:3      | Killed Natasha
  2797 | D:4      | Reached skill level 9 in Axes
  3052 | D:4      | Reached XP level 7. HP: 30/57 MP: 7/7
  3073 | D:4      | Found a glowing silver altar of Zin.
  3074 | D:4      | Found a shadowy altar of Dithmenos.
  3306 | D:4      | Reached skill level 10 in Axes
  3893 | D:5      | Entered Level 5 of the Dungeon
  3925 | D:5      | Reached skill level 11 in Axes
  3955 | D:5      | Noticed Pikel
  3994 | D:4      | HP: 1/57 [Pikel/+2 whip of freezing (5)]
  3994 | D:4      | Slain by Pikel

Levels and vault maps discovered:
D:1:      wheals_arrival_shading, layout_basic
D:2:      layout_basic, kiku_gazebo_pond_becter, first_ration,
          nemelex_diamond_rough_becter, uniq_jessica
D:3:      layout_loops_cross, grunt_ministairs_6, uniq_natasha
D:4:      layout_rooms, gammafunk_temple_overflow_statue
D:5:      layout_rooms, yredelemnul_altar_generic, basic_altar,
          minmay_quadrilaterals, uniq_pikel

Skill      XL: |  1  2  3  4  5  6  7 |
---------------+----------------------+-----
Axes           | 3 4 5 6 8 9 11 | 11.1
Fighting       | |  3.6
Armour         | |  3.2
Shields        | |  3.2

Action                   |  1- 3 |  4- 6 |  7- 9 || total
-------------------------+-------+-------+-------++-------
Melee: War axe           |    89 |   193 |    95 ||   377
  Use: Scroll            |     1 |     5 |     1 ||     7
  Eat: Chunk             |     1 |     6 |     2 ||     9
Armor: Scale mail        |    26 |       |    11 ||    37
       Ring mail         |    10 |    59 |    10 ||    79
Dodge: Dodged            |    33 |    63 |    15 ||   111
Block: Shield            |    49 |   118 |    31 ||   198
